 Dungeon Crawl Stone Soup version 0.28-a0-631-g0446da8ef9 (webtiles) character file.

Game seed: 3675628215795483450

432 Sabo the Twirler (level 7, -6/55 HPs)
             Began as a Formicid Fighter on Oct 9, 2021.
             Was an Initiate of Gozag.
             Mangled by a11behringer's ghost (7 damage)
             ... on level 4 of the Dungeon.
             The game lasted 00:22:34 (4456 turns).

Sabo the Twirler (Formicid Fighter)                 Turns: 4456, Time: 00:22:35

Health: -6/55      AC: 13    Str: 27    XL:     7   Next: 20%
Magic:  7/7        EV:  8    Int:  7    God:    Gozag
Gold:   76         SH:  5    Dex: 12    Spells: 6/6 levels left

rFire   . . .      SeeInvis +   a - +0 quarterstaff
rCold   . . .      Faith    .   c - +0 buckler
rNeg    + . .      Spirit   .   x - +1 chain mail of the Orb Guardian {rN+}
rPois   .          Reflect  .   (helmet unavailable)
rElec   .          Harm     .   (no cloak)
rCorr   .          Rampage  .   y - +2 pair of gloves {Stlth+}
Will    +....                   (no boots)
Stlth   ..........              (no amulet)
HPRegen 0.18/turn               i - +6 ring of strength
MPRegen 0.10/turn               p - ring of willpower

@: mighty, gold aura
A: permanent stasis, dig shafts and tunnels, antennae 3, four strong arms
a: Dig, Shaft Self, Renounce Religion, Potion Petition, Call Merchant, Bribe
Branch


You were on level 4 of the Dungeon.
You worshipped Gozag.
Gozag was noncommittal.
You visited 1 branch of the dungeon, and saw 4 of its levels.

You collected 539 gold pieces.
You spent 463 gold pieces at shops.

Inventory:

Hand Weapons
 a - a +0 quarterstaff (weapon)
 s - a +0 hunting sling
 w - a +3 hand axe of venom
Missiles
 h - 6 boomerangs
 n - 17 arrows
 t - 12 bolts
Armour
 c - a +0 buckler (worn)
 x - the +1 chain mail of the Orb Guardian (worn) {rN+}
   (You bought it in a shop on level 4 of the Dungeon)

   rN:        It protects you from negative energy.
 y - a +2 pair of gloves of stealth (worn)
Jewellery
 i - a +6 ring of strength (left hand)
 j - a ring of ice
 p - a ring of willpower (right hand)
Scrolls
 e - a scroll of enchant armour
 k - a scroll of blinking {unknown}
 u - a scroll of fear {unknown}
 v - a scroll of brand weapon {unknown}
Potions
 b - a potion of invisibility {unknown}
 f - a potion of attraction {unknown}
 g - 3 potions of curing
 l - a potion of mutation {unknown}
 m - a potion of haste {unknown}
 o - a potion of flight {unknown}
 q - a potion of degeneration {unknown}
 r - a potion of lignification {unknown}


   Skills:
 + Level 4.5 Fighting
 + Level 5.0 Staves
 + Level 4.7 Armour
 + Level 0.3 Dodging
 + Level 0.5 Stealth
 + Level 4.8 Shields


You had 6 spell levels left.
You didn't know any spells.
Your spell library contained the following spells:

 Spells                   Type           Power      Damage    Failure   Level
 Animate Skeleton         Necr           0%         N/A       95%         1
 Apportation              Tloc           0%         N/A       95%         1
 Summon Small Mammal      Summ           0%         N/A       95%         1


Dungeon Overview and Level Annotations

Branches:
Dungeon (4/15)
 Temple: D:4-7

Altars:
Elyvilon
Fedhas
Gozag
The Shining One

Shops:
D:1 :   D:4 [

Annotations:
D:4 a11behringer's ghost, amateur MiMo


Innate Abilities, Weirdness & Mutations

You cannot be hasted, slowed, berserked, paralysed or teleported.
You can dig through walls and to a lower floor.
You have a pair of large antennae on your head. (SInv)
Your four strong arms can wield two-handed weapons with a shield.


Message History

An adder comes into view.
The hound bites you but does no damage. You block the jelly's attack.
A11behringer's ghost hits you but does no damage.
The bullfrog skeleton hits you but does no damage.
The adder hisses angrily.
You sock a11behringer's ghost!
A11behringer's ghost is heavily damaged.
The hound bites you but does no damage. The jelly hits you but does no damage.
A11behringer's ghost hits you.
* * * LOW HITPOINT WARNING * * *
You block the bullfrog skeleton's attack.
The hound bites you.
* * * LOW HITPOINT WARNING * * *
You hit the hound.
The hound is moderately wounded.
The bullfrog skeleton hits you but does no damage.
The hound bites you but does no damage. The jelly hits you but does no damage.
A11behringer's ghost hits you.
* * * LOW HITPOINT WARNING * * *
You sock the hound!
You kill the hound!
The bullfrog skeleton hits you but does no damage.
The jelly hits you but does no damage.
A11behringer's ghost hits you but does no damage.
The bullfrog skeleton hits you.
* * * LOW HITPOINT WARNING * * *
The adder bites you but does no damage.
Your Staves skill increases to level 5!
You closely miss the adder. You block the jelly's attack.
A11behringer's ghost hits you.
* * * LOW HITPOINT WARNING * * *
The adder barely misses you.
You block the bullfrog skeleton's attack.
You sock the adder!
The adder is almost dead.
The adder closely misses you. The bullfrog skeleton hits you.
* * * LOW HITPOINT WARNING * * *
The jelly barely misses you. A11behringer's ghost hits you!
You die...
Your body crumbles into a pile of gold.

.# # .# #. ..###. # #.#
#..#... #. ..## ##......
#.###.###.#..# #
####......#.....#
......ZSJ......#
#####.@$###)#.# .. ##W##
#)# .. ## #..# #.!.# #|#
#.# $#.#..# #P8P# #.# #
##.#..# #######.# ..
...# #)...#.# ##.#...
##.##...# .. ...#
##...###.## ##
#.########.....##..###.#


You could see a jelly, a11behringer's ghost, an adder and a bullfrog skeleton.

Vanquished Creatures
  A water moccasin (D:3)
  A scorpion (D:4)
  A howler monkey (D:4)
  2 hounds (D:4)
  3 gnolls (D:2)
  5 adders
  2 worms
  2 dart slugs (D:2)
  6 orcs (D:4)
  5 ball pythons
  9 bats
  8 endoplasms
  3 giant cockroaches
  9 goblins
  7 hobgoblins
  6 jackals
  4 kobolds
  A quokka (D:1)
  2 frilled lizards (D:2)
  4 rats
81 creatures vanquished.

Notes
Turn   | Place    | Note
-------+----------+-------------------------------------------
     0 | D:1      | Sabo the Formicid Fighter began the quest for the Orb.
     0 | D:1      | Reached XP level 1. HP: 18/18 MP: 1/1
   158 | D:1      | Found a faded altar of an unknown god.
   185 | D:1      | Became a worshipper of Gozag Ym Sagoz the Greedy
   212 | D:1      | Reached XP level 2. HP: 19/24 MP: 2/2
   412 | D:1      | Found Tuwal's Book Shoppe.
   964 | D:1      | Reached XP level 3. HP: 29/29 MP: 3/3
  1258 | D:2      | Reached XP level 4. HP: 18/37 MP: 4/4
  2281 | D:2      | Reached XP level 5. HP: 35/42 MP: 5/5
  3190 | D:3      | Noticed a water moccasin
  3198 | D:3      | Killed a water moccasin
  3199 | D:3      | Reached skill level 3 in Staves
  3199 | D:3      | Reached XP level 6. HP: 15/49 MP: 6/6
  4084 | D:4      | Reached skill level 4 in Staves
  4103 | D:4      | Reached XP level 7. HP: 49/55 MP: 7/7
  4304 | D:4      | Found a blossoming altar of Fedhas.
  4304 | D:4      | Found a glowing golden altar of the Shining One.
  4334 | D:4      | Found a white marble altar of Elyvilon.
  4354 | D:4      | Found Ippalla's Armour Shoppe.
  4363 | D:4      | Bought the +1 chain mail of the Orb Guardian {rN+} for 227
                  | gold pieces
  4363 | D:4      | Bought a +2 pair of gloves of stealth for 236 gold pieces
  4428 | D:4      | Found a runed translucent door.
  4429 | D:4      | Noticed a11behringer's ghost (amateur MiMo)
  4455 | D:4      | Reached skill level 5 in Staves
  4456 | D:4      | HP: 1/55 [bullfrog skeleton (3)]
  4456 | D:4      | Mangled by a11behringer's ghost

Illustrated notes

Levels and vault maps discovered:
D:1:      dpeg_arrival_water_temple_mockup, layout_basic,
          hellmonk_ecumenical_altar_lost_god, serial_shops,
          nicolae_shop_waterfront
D:2:      layout_loops_corners, supply_closet_lemuel, minmay_indecisive_spiral
D:3:      layout_basic, st_stairs_14
D:4:      layout_loops_ring, lemuel_round_altar,
          gammafunk_temple_overflow_elements, nemelex_dance_club_becter,
          serial_shops, nicolae_shop_trees, gammafunk_ghost_grave,
          minmay_surrounded

Skill      XL: |  1  2  3  4  5  6  7 |
---------------+----------------------+-----
Shields        | 4 |  4.8
Fighting       | 4 |  4.5
Armour         | 4 |  4.7
Staves         | 3 4 5 |  5.0
Dodging        | |  0.3
Stealth        | |  0.5

Action                   |  1- 3 |  4- 6 |  7- 9 || total
-------------------------+-------+-------+-------++-------
Melee: Quarterstaff      |    60 |   164 |    31 ||   255
       Hand axe          |       |       |     5 ||     5
 Abil: Dig               |     4 |    12 |     1 ||    17
  Use: Scroll            |       |     3 |     1 ||     4
       Potion            |       |     3 |     1 ||     4
Armor: Scale mail        |    29 |    14 |       ||    43
       Chain mail        |       |    54 |    49 ||   103
Dodge: Dodged            |    33 |    62 |    19 ||   114
Block: Buckler           |    11 |    38 |    18 ||    67

Table legend: (Time is in decaauts)
 A = Elapsed time spent in this place.
 B = Non-inter-level travel time spent in this place.
 C = Inter-level travel time spent in this place.
 D = Time resting spent in this place.
 E = Time spent auto-exploring this place.
 F = Levels seen in this place.
 G = Mean time per level.
                   A        B        C        D        E       F      G
               +--------+--------+--------+--------+--------+-----+--------+
         Total |   4503 |   4503 |      0 |    829 |      0 |   4 | 1125.8 |
       Dungeon |   4503 |   4503 |      0 |    829 |      0 |   4 | 1125.8 |
               +--------+--------+--------+--------+--------+-----+--------+

Top non-repeatable levels by time:
     D:2: 1506 daAuts
     D:3: 1367 daAuts
     D:1: 1236 daAuts
     D:4: 392 daAuts
